Map: King's Cove LE

Players

Spazymazy

  • Race: Zerg Zerg
  • Spawn Location: 5:00

IndyKNerazim - Winner!

  • Race: Protoss Protoss
  • Spawn Location: 11:00

Event: 2019 WCS Summer

VOD

Have the link to the VOD?

Description

Time

  • Played on: July 12, 2019, 10:19 a.m.
  • Length: 17:03

All games in this series

Show
View Real Time Build Order
Export as new Build Order

Spazymazy Zerg 

Build Orders: Hatch First 

Get SALT Encoding   

  12  0:00  Drone  
  13  0:13  Overlord  
  13  0:17  Drone  
  14  0:31  Drone x2  
  16  0:49  Hatchery  
  15  0:53  Drone  
  15  0:56  Drone  
  17  1:00  Drone  
  18  1:10  Extractor  
  17  1:16  Spawning Pool  
  17  1:18  Drone  
  17  1:22  Drone  
  18  1:28  Drone  
  19  1:39  Overlord  
  19  1:50  Drone  
  20  2:02  Queen x2  
  20  2:03  Zergling x2  
  20  2:05  Zergling x2  
  26  2:11  Metabolic Boost  
  26  2:14  Drone  
  27  2:17  Drone  
  28  2:24  Drone  
  29  2:39  Hatchery  
  28  2:44  Queen  
  28  2:48  Drone  
  28  2:49  Drone  
  32  2:53  Drone  
  32  2:57  Overlord  
  33  2:59  Drone  
  33  3:02  Drone  
  33  3:05  Drone  
  36  3:14  Overlord  
  36  3:17  Drone x3  
  39  3:21  Drone x2  
  39  3:26  Queen  
  43  3:30  Drone  
  43  3:33  Overlord  
  44  3:42  Drone  
  44  3:44  Drone x2  
  44  3:45  Drone  
  48  3:51  Spore Crawler  
  48  3:54  Queen, Spore Crawler  
  48  3:55  Drone x2  
  50  3:57  Zergling x2  
  50  3:59  Zergling x2  
  52  4:04  Zergling x4  
  54  4:10  Lair  
  54  4:11  Drone  
  54  4:12  Drone  
  54  4:14  Drone x2  
  58  4:18  Drone, Extractor  
  58  4:22  Spore Crawler  
  58  4:23  Overlord  
  57  4:29  Overlord  
  55  4:43  Drone x5  
  55  4:44  Overlord  
  60  4:46  Drone  
  60  4:47  Drone x2  
  60  4:51  Drone  
  64  4:55  Zergling x8  
  65  5:03  Drone x2  
  65  5:07  Extractor  
  65  5:09  Drone x2  
  65  5:11  Hydralisk Den, Queen, Evolution Chamber  
  65  5:12  Drone x2  
  68  5:16  Drone x3  
  68  5:17  Extractor  
  68  5:19  Overlord  
  70  5:32  Drone x3  
  70  5:33  Drone x3  
  76  5:40  Zerg Melee Weapons Level 1  
  76  5:41  Hydralisk, Grooved Spines  
  78  5:43  Drone  
  78  5:44  Drone  
  78  5:45  Drone x2, Extractor  
  78  5:46  Overlord  
  78  5:47  Hydralisk  
  82  5:52  Queen  
  82  5:53  Hydralisk  
  82  5:55  Overlord  
  86  5:57  Overseer  
  86  6:03  Overlord x2  
  86  6:04  Drone  
  86  6:06  Drone x3, Extractor  
  86  6:08  Hydralisk  
  86  6:11  Hydralisk  
  91  6:12  Zergling x2  
  91  6:18  Hydralisk  
  96  6:19  Zergling x4  
  96  6:21  Baneling Nest  
  97  6:26  Hydralisk  
  97  6:27  Hydralisk x2  
  102  6:33  Drone  
  103  6:43  Hatchery  
  103  6:45  Hydralisk x5  
  112  6:52  Hydralisk x2  
  112  6:53  Hydralisk  
  118  6:57  Hydralisk  
  118  6:58  Zergling x2  
  118  7:01  Overlord x2  
  121  7:03  Muscular Augments  
  121  7:07  Overlord x2  
  121  7:12  Centrifical Hooks  
  121  7:15  Overlord  
  120  7:23  Hydralisk x3, Overlord  
  120  7:24  Zergling x2  
  120  7:25  Zergling x2  
  120  7:28  Hydralisk  
  120  7:29  Zergling x4  
  131  7:34  Hydralisk  
  131  7:35  Hydralisk, Zergling x2  
  131  7:36  Zergling x2  
  137  7:37  Baneling x2  
  137  7:38  Baneling x2  
  137  7:42  Baneling  
  137  7:43  Hydralisk  
  137  7:44  Zergling x4  
  141  7:48  Hydralisk x2  
  141  7:49  Zergling x2  
  146  7:54  Hydralisk  
  146  7:55  Zergling x4  
  150  7:58  Hydralisk  
  150  7:59  Hydralisk  
  150  8:00  Zergling x2  
  155  8:10  Hydralisk x3  
  155  8:12  Overlord x2  
  161  8:19  Zerg Melee Weapons Level 2  
  161  8:23  Zergling x2  
  161  8:24  Zergling x14  
  161  8:26  Baneling x2  
  161  8:27  Baneling  
  169  8:28  Baneling x2  
  169  8:29  Baneling x2  
  169  8:38  Baneling x5  
  169  8:45  Hydralisk x2  
  169  8:46  Zergling x4  
  169  8:47  Zergling x10  
  157  9:05  Hydralisk x4  
  157  9:06  Zergling x6  
  157  9:11  Hydralisk x3  
  157  9:12  Zergling x4  
  157  9:15  Zergling x2  
  166  9:17  Baneling x4  
  166  9:21  Drone x2  
  166  9:22  Queen  
  166  9:24  Drone x2, Extractor  
  169  9:27  Baneling x9  
  169  9:29  Zergling x4  
  173  9:31  Zergling x2  
  173  9:35  Zergling x2  
  172  9:48  Drone x2  
  172  9:50  Overlord  
  172  9:51  Zergling x4  
  172  9:52  Zergling x6  
  178  9:54  Baneling x8  
  178  9:55  Baneling x5  
  178  9:56  Drone x3  
  178  9:58  Extractor  
  178  9:59  Drone  
  173  10:17  Hatchery  
  173  10:21  Hydralisk x3  
  168  10:22  Zergling x4  
  174  10:31  Hydralisk x2  
  174  10:32  Hydralisk, Zergling x6  
  174  10:33  Zergling x4  
  172  10:42  Baneling x6  
  172  10:44  Zerg Missile Weapons Level 1  
  172  10:46  Infestation Pit, Hydralisk x2  
  175  10:51  Hydralisk x3  
  175  10:52  Zergling x6  
  175  10:54  Zergling x6  
  175  10:55  Zergling x4  
  188  11:05  Baneling x3  
  188  11:07  Baneling  
  188  11:08  Baneling x4  
  188  11:10  Zergling x8  
  188  11:11  Zergling x2  
  190  11:26  Hydralisk x4  
  188  11:33  Hydralisk x2  
  188  11:34  Zergling x6  
  188  11:35  Zergling x2, Drone  
  188  11:36  Drone x3  
  167  11:44  Drone x4  
  167  11:45  Drone x3  
  167  11:47  Zergling x10  
  167  11:48  Zergling x2  
  167  11:53  Baneling x9  
  171  11:58  Zergling x2  
  171  11:59  Zergling x4  
  172  12:06  Hydralisk x2, Zergling x4  
  170  12:15  Drone x2  
  170  12:17  Drone  
  170  12:19  Hive  
  173  12:22  Spire  
  163  12:37  Hydralisk x6  
  163  12:38  Zergling x4  
  163  12:44  Hydralisk x2  
  167  12:45  Zergling x2  
  169  12:53  Drone x2  
  169  12:54  Zergling x8  
  169  12:57  Baneling  
  175  12:59  Baneling x3  
  175  13:00  Baneling x7  
  175  13:01  Hydralisk  
  175  13:02  Zergling x2  
  172  13:16  Queen  
  172  13:17  Hydralisk x3  
  172  13:18  Hydralisk x2, Zergling x2  
  181  13:34  Greater Spire  
  181  13:38  Hydralisk x2  
  181  13:39  Hydralisk x2  
  173  13:53  Hydralisk x5  
  169  14:08  Hydralisk  
  169  14:09  Hydralisk x9  
  180  14:13  Zergling x2  
  180  14:14  Zergling x4  
  182  14:18  Baneling x2  
  182  14:23  Corruptor x2  
  186  14:26  Corruptor  
  188  14:33  Overlord x2  
  188  14:41  Overlord x2  
  188  14:49  Extractor x2  
  184  14:52  Zerg Flyer Weapons Level 1  
  184  14:53  Brood Lord x2  
  184  14:57  Brood Lord  
  184  14:59  Hydralisk  
  182  15:04  Corruptor  
  180  15:08  Hydralisk  
  180  15:09  Zergling x2  
  180  15:13  Corruptor  
  185  15:17  Zergling x2  
  185  15:20  Corruptor  
  179  15:39  Corruptor x3  
  175  15:52  Brood Lord  
  171  16:00  Brood Lord, Hatchery  
  172  16:05  Brood Lord  
  174  16:16  Corruptor x2  
  178  16:21  Brood Lord  
  176  16:34  Corruptor  
Show
View Real Time Build Order
Export as new Build Order

IndyKNerazim Protoss - Winner!

Build Orders: 1 Gate Expand, Oracle Opening, Phoenix Opening, Archon Immortal, Archon Drop 

Get SALT Encoding   

  12  0:00  Probe  
  13  0:13  Probe  
  14  0:19  Pylon  
  14  0:24  Probe  
  15  0:33  Probe  
  15  0:38  Gateway  
  15  0:41  Probe  
  16  0:48  Assimilator  
  17  0:52  Probe  
  18  1:04  Probe  
  19  1:17  Probe  
  20  1:28  Nexus  
  20  1:37  Cybernetics Core  
  20  1:39  Probe  
  21  1:45  Assimilator  
  21  1:51  Probe  
  22  1:55  Pylon  
  22  2:00  Probe  
  22  2:04  Adept  
  23  2:09  Probe  
  26  2:18  Probe  
  27  2:24  Stargate  
  27  2:30  Probe  
  27  2:34  Adept  
  30  2:38  Probe  
  30  2:39  Warp Gate  
  30  2:42  Probe  
  32  2:46  Probe  
  33  2:54  Probe  
  33  2:56  Probe  
  35  2:59  Gateway  
  35  3:03  Phoenix  
  35  3:06  Probe  
  35  3:08  Probe  
  39  3:18  Probe  
  40  3:20  Probe  
  40  3:21  Assimilator  
  40  3:25  Pylon  
  41  3:30  Probe  
  41  3:32  Oracle  
  41  3:33  Probe  
  46  3:40  Assimilator  
  46  3:43  Probe x2  
  48  3:49  Robotics Facility  
  48  3:51  Probe  
  48  3:55  Probe  
  50  3:59  Pylon  
  50  4:02  Probe  
  50  4:04  Twilight Council  
  50  4:07  Probe  
  52  4:14  Probe  
  52  4:16  Pylon  
  53  4:19  Probe  
  54  4:26  Probe  
  54  4:28  Adept x2  
  59  4:35  Warp Prism  
  61  4:47  Templar Archives  
  61  4:48  Zealot  
  61  4:49  Zealot, Pylon  
  62  5:06  Nexus  
  62  5:08  Pylon  
  62  5:11  Observer  
  63  5:18  Probe x2  
  63  5:20  Forge  
  65  5:28  High Templar x2  
  65  5:30  Probe x2  
  71  5:38  Archon  
  71  5:39  Probe, Gateway x2  
  71  5:40  Probe  
  71  5:41  Immortal  
  76  5:47  Probe  
  76  5:48  Probe  
  77  5:56  Probe  
  79  6:01  Probe, High Templar x2  
  79  6:04  Robotics Facility  
  85  6:05  Archon  
  85  6:09  Probe, Protoss Ground Weapons Level 1  
  86  6:14  Probe  
  86  6:15  Probe  
  86  6:17  Pylon  
  87  6:21  Probe  
  87  6:23  Probe  
  90  6:35  Gateway  
  90  6:36  Probe x2  
  90  6:37  Probe, Gateway  
  90  6:39  Gateway  
  93  6:40  Assimilator  
  93  6:42  Assimilator, Gateway  
  93  6:45  Immortal  
  97  6:48  Probe x2  
  97  6:50  Probe  
  100  6:56  Psionic Storm, Pylon  
  100  7:01  High Templar x2  
  100  7:03  Probe  
  100  7:07  Pylon  
  105  7:12  Zealot  
  105  7:15  Shield Battery, Immortal  
  107  7:21  Immortal  
  115  7:37  High Templar  
  115  7:40  High Templar  
  116  7:45  Photon Cannon  
  116  7:47  Photon Cannon  
  116  7:48  Photon Cannon  
  116  7:54  Immortal  
  120  8:01  Immortal, Pylon  
  120  8:02  Pylon  
  120  8:04  Pylon  
  124  8:12  Protoss Ground Weapons Level 2  
  124  8:22  Oracle  
  124  8:26  Nexus  
  127  8:29  High Templar x2  
  127  8:33  Immortal  
  135  8:34  Zealot x2  
  135  8:36  Probe x2  
  135  8:37  Probe  
  135  8:40  Immortal  
  146  8:51  High Templar x2  
  143  8:56  Archon  
  131  9:08  Zealot x2  
  131  9:09  Zealot x3  
  133  9:12  Immortal  
  133  9:16  Probe x2  
  139  9:21  Charge, Zealot  
  141  9:26  Immortal  
  145  9:33  Nexus  
  145  9:34  Pylon  
  145  9:36  Probe  
  145  9:37  High Templar x2  
  144  9:47  Probe  
  144  9:51  Photon Cannon  
  144  9:52  Immortal  
  147  9:54  Zealot  
  147  9:58  Probe  
  150  10:01  Probe  
  150  10:02  Probe  
  152  10:11  Probe  
  152  10:13  Probe  
  152  10:14  Probe, Archon  
  145  10:16  High Templar x3  
  145  10:18  Zealot x3  
  145  10:21  Pylon  
  149  10:28  Probe  
  149  10:29  Archon  
  149  10:32  Zealot x5  
  139  10:38  Pylon  
  139  10:43  Immortal  
  139  10:45  Pylon  
  138  10:53  Pylon  
  138  10:54  Pylon  
  138  10:56  Pylon  
  139  10:59  High Templar  
  139  11:01  Blink  
  139  11:03  Immortal  
  145  11:07  Zealot x2  
  149  11:12  Pylon  
  149  11:16  High Templar x2  
  149  11:17  Protoss Ground Weapons Level 3  
  152  11:22  Zealot x3  
  152  11:24  Immortal  
  142  11:42  Zealot x3, Immortal  
  150  11:49  High Templar x2  
  150  11:57  Immortal  
  148  12:13  Zealot x3  
  154  12:19  Probe  
  154  12:21  High Templar x3  
  161  12:23  Nexus  
  161  12:24  Pylon  
  161  12:26  Probe  
  151  12:33  Zealot x2  
  148  12:39  High Templar  
  143  12:47  High Templar, Archon  
  143  12:50  Immortal  
  149  12:55  Zealot  
  149  13:06  Nexus  
  149  13:07  Sentry  
  149  13:12  High Templar  
  149  13:17  Archon  
  149  13:19  Probe  
  145  13:20  Immortal  
  145  13:22  Zealot  
  145  13:23  Zealot  
  145  13:25  Zealot  
  145  13:26  Probe  
  152  13:31  Zealot  
  158  13:37  High Templar  
  148  13:50  Zealot x5  
  148  13:54  Zealot x6  
  156  14:07  Nexus  
  142  14:13  High Templar  
  140  14:18  High Templar  
  140  14:19  High Templar x2  
  140  14:21  Immortal  
  140  14:22  Warp Prism  
  140  14:23  Pylon  
  146  14:25  Archon  
  152  14:35  Probe  
  153  14:39  Zealot x2  
  153  14:40  Zealot  
  158  15:06  Stalker x3  
  156  15:07  Stalker x3  
  156  15:14  Stalker  
  162  15:39  Stalker x7  
  175  16:03  Nexus  
  175  16:04  High Templar x3  
  175  16:09  Pylon  
  181  16:21  Pylon  
  155  16:48  Archon  
  145  16:56  Stalker x5  
  145  17:00  High Templar x2  
Tags
 
Add a new tag
Caveats
  • Supply blocks, unpowered buildings, or Contaminate may cause inaccurate times.
  • Supply counts are checked every 10 seconds.